 Dungeon Crawl Stone Soup version 0.19.1 (webtiles) character file.

35884 Tathariant the Bludgeoner (level 13, 0/178 HPs)
             Began as a Minotaur Berserker on Dec 19, 2016.
             Was a High Priest of Trog.
             Slain by a wolf (2 damage)
             ... on level 6 of the Lair of Beasts.
             The game lasted 01:48:17 (18815 turns).

Tathariant the Bludgeoner (Minotaur Berserker)     Turns: 18815, Time: 01:48:17

Health: 0/178      AC: 17    Str: 32    XL:     13   Next: 50%
Magic:  4/4        EV: 15    Int:  6    God:    Trog [*****.]
Gold:   1148       SH:  0    Dex: 16    Spells: 0 memorised, 12 levels left

rFire  . . .     SeeInvis .     S - +3 great mace (antimagic)
rCold  . . .     Gourm    .     O - +0 plate armour "Jimyph" {rCorr Str+4 Int+2}
rNeg   . . .     Faith    .     (shield currently unavailable)
rPois  .         Spirit   .     M - +1 hat
rElec  .         Reflect  .     (no cloak)
rCorr  +         Harm     .     N - +0 pair of gloves
MR     .....                    (no boots)
Stlth  ..........               (no amulet)
                                z - +2 ring of dexterity
                                D - +4 ring of protection

@: berserking, very quick
A: retaliatory headbutt, horns 2
a: Berserk, Trog's Hand, Brothers in Arms, Burn Spellbooks, Renounce Religion


You were on level 6 of the Lair of Beasts.
You worshipped Trog.
Trog was extremely pleased with you.
You were very hungry.

You visited 3 branches of the dungeon, and saw 16 of its levels.

You collected 1216 gold pieces.
You spent 68 gold pieces at shops.

Inventory:

Hand Weapons
 S - a +3 antimagic great mace (weapon)
Missiles
 U - 4 poisoned javelins (quivered)
 Z - 2 tomahawks of returning
Armour
 M - a +1 hat (worn)
 N - a +0 pair of gloves (worn)
 O - the +0 plate armour "Jimyph" (worn) {rCorr Str+4 Int+2}
   (You found it on level 9 of the Dungeon)

   It affects your strength (+4).
   It affects your intelligence (+2).
   It protects you from acid and corrosion.
Jewellery
 u - an uncursed ring of protection from fire
 z - a +2 ring of dexterity (right hand)
 D - a +4 ring of protection (left hand)
 J - an uncursed ring of protection from fire
Wands
 o - a wand of teleportation (5/9)
 p - a wand of enslavement (14/24)
 s - a wand of teleportation (2/9)
 v - a wand of lightning (2/15)
 y - a wand of paralysis (14/24)
 P - a wand of paralysis (14/24)
 Q - a wand of paralysis (19/24)
 W - a wand of polymorph (9/24)
 X - a wand of iceblast (6/15)
 Y - a wand of lightning (4/15)
Scrolls
 a - a scroll of enchant armour {unknown}
 g - 6 scrolls of teleportation
 h - 6 scrolls of remove curse
 i - 2 scrolls of noise {unknown}
 k - a scroll of enchant weapon {unknown}
 l - 2 scrolls of fog
 q - a scroll of blinking
 w - 2 scrolls of magic mapping
 B - 2 scrolls of fear
 F - a scroll of acquirement {unknown}
 G - a scroll of holy word {unknown}
 L - a scroll of recharging {unknown}
 R - 4 scrolls of identify
 T - a scroll of torment {unknown}
Potions
 b - 4 potions of brilliance
 d - a potion of berserk rage {unknown}
 e - a potion of cancellation {unknown}
 f - 5 potions of lignification
 j - 5 potions of curing {unknown}
 m - 3 potions of resistance {unknown}
 n - 2 potions of agility {unknown}
 r - a potion of cure mutation {unknown}
 t - 2 potions of might {unknown}
 A - 2 potions of heal wounds
 C - a potion of invisibility {unknown}
 I - a potion of haste {unknown}
Comestibles
 c - 4 bread rations
 x - 7 beef jerkies
 H - 7 slices of pizza
 K - 7 meat rations


   Skills:
 + Level 12.3 Fighting
 - Level 20.0 Maces & Flails
 - Level 2.4 Armour
 * Level 12.0 Dodging
   Level 0.2 Shields


You had 12 spell levels left.
You didn't know any spells.

Dungeon Overview and Level Annotations

Branches:
Dungeon (9/15)             Temple (1/1) D:6            Lair (6/6) D:9
  Swamp (0/4) Lair:2       Spider (0/4) Lair:2
  Slime: Lair:5-6       Orc: D:9-12

Altars:
Ashenzari
Cheibriados
Dithmenos
Elyvilon
Fedhas
Gozag
Hepliaklqana
Kikubaaqudgha
Makhleb
Nemelex Xobeh
Okawaru
Qazlal
Ru
Sif Muna
Trog
Uskayaw
Vehumet
Xom
Yredelemnul
Zin

Shops:
D:6 ([*(


Innate Abilities, Weirdness & Mutations

You reflexively headbutt those who attack you in melee.
You have a pair of horns on your head.


Message History

Trog accepts your kill. The wolf bites you but does no damage.
The boggart mumbles some strange words.
The death yak gores you!
* * * LOW HITPOINT WARNING * * *
You bludgeon the boggart!!
You kill the boggart!
Trog accepts your kill.
Trog appreciates your killing of a magic user.
The crocodile dissolves into shadows!
The death yak dissolves into shadows!
The wolf bites you but does no damage.
You closely miss the spriggan. Your headbutt misses the spriggan.
The wolf bites you.
* * * LOW HITPOINT WARNING * * *
The spriggan misses you.
You are too berserk!
You sock the spriggan! Your headbutt misses the spriggan.
The spriggan is moderately wounded.
The wolf bites you.
You die...

........♣♣♣♣♣♣♣♣.......♣
.....♣♣♣♣ ♣♣.....♣♣♣
.....♣ ♣♣......♣ ♣♣♣♣♣♣
♣♣♣♣....♣♣...♣
♣♣....♣♣♣♣ ♣.. ♣....♣♣ .
♣...♣..♣♣♣♣ ...♣
♣♣♣.h)♣♣ .♣ .. ♣♣†@i♣
.♣♣ . ♣♣♣.(.♣ ♣.. ♣♣..♣
.. ♣ .((. ♣ .♣ ♣.. ♣.
♣♣♣♣♣♣ . ♣♣. #♣....♣♣
♣♣♣ ♣..##......♣♣ ♣♣♣.♣♣
♣.....%..%%.♣♣♣♣♣♣♣...P.


You could see a spriggan and a wolf.

Vanquished Creatures
  Rupert (Lair:5)
  Gastronok (D:9)
  3 hydras
  The ghost of Mefis the Thaumaturge, a journeyman DEWz of Sif Muna (Lair:1)
  A death yak (Lair:6)
  Pikel (D:9)
  An orb spider (Lair:2)
  3 black mambas
  The ghost of kae the Insei, a novice DsMo (D:5)
  10 spiny frogs
  9 komodo dragons
  2 rime drakes
  A troll (D:9)
  8 polar bears
  4 blink frogs (Lair:3)
  3 hornets (Lair:6)
  7 hippogriffs
  A redback (Lair:6)
  11 spriggans (Lair:6)
  27 yaks
  Grum (D:8)
  5 porcupines
  7 water moccasins
  4 orc warriors
  3 ice beasts
  A sky beast (D:5)
  3 black bears
  A slave (D:8)
  2 phantoms
  3 boggarts (Lair:6)
  35 wolves
  5 ogres
  13 crocodiles
  7 centaurs
  2 big kobolds
  15 bullfrogs
  7 scorpions
  2 howler monkeys
  2 electric eels (D:8)
  A jelly (D:6)
  2 crimson imps
  A bullfrog zombie (D:8)
  2 hounds
  7 orc priests
  2 centaur skeletons (D:7)
  A bullfrog skeleton (D:5)
  5 orc wizards
  Ijyb (D:3)
  An iguana (D:6)
  3 hell rats (Lair:5)
  9 worker ants
  A killer bee zombie (D:6)
  A bullfrog simulacrum (D:8)
  A hound zombie (D:8)
  3 worker ant zombies
  4 gnolls (D:6)
  2 howler monkey skeletons
  5 river rats
  15 adders
  2 shadow imps
  3 white imps (D:8)
  A worker ant simulacrum (D:8)
  2 ufetubi (D:8)
  An ooze (D:3)
  An adder zombie (D:9)
  3 worms
  3 leopard geckos
  29 orcs
  A ball python (D:3)
  6 giant cockroaches
  8 goblins
  8 hobgoblins
  15 jackals
  17 kobolds
  3 quokkas
  16 bats
  3 frilled lizards
  A jackal zombie (D:6)
  2 leopard gecko skeletons
  23 rats
  A fungus (Lair:1)
  2 plants (D:4)
432 creatures vanquished.

Vanquished Creatures (collateral kills)
  A catoblepas (Lair:5)
  3 wolves (Lair:3)
4 creatures vanquished.

Vanquished Creatures (others)
  3 slaves (D:9)
  A bat (D:9)
  A rat (D:9)
  4 fungi
  6 plants
15 creatures vanquished.

Grand Total: 451 creatures vanquished

Notes
Turn   | Place    | Note
-------+----------+-------------------------------------------
     0 | D:1      | Tathariant the Minotaur Berserker began the quest for the Orb.
     0 | D:1      | Reached XP level 1. HP: 19/19 MP: 0/0
    22 | D:1      | Reached skill level 4 in Maces & Flails
   299 | D:1      | Reached XP level 2. HP: 26/26 MP: 1/1
   825 | D:1      | Reached skill level 5 in Maces & Flails
   892 | D:2      | Reached XP level 3. HP: 30/31 MP: 2/2
  1167 | D:2      | Reached ** piety under Trog
  1683 | D:3      | Reached XP level 4. HP: 35/39 MP: 3/3
  1846 | D:3      | Noticed Ijyb
  1865 | D:3      | Killed Ijyb
  1865 | D:3      | Reached skill level 6 in Maces & Flails
  2799 | D:3      | Found a deep blue altar of Sif Muna.
  2819 | D:4      | Noticed a centaur
  2834 | D:4      | Killed a centaur
  2834 | D:4      | Reached skill level 7 in Maces & Flails
  2834 | D:4      | Reached XP level 5. HP: 18/45 MP: 4/4
  3230 | D:4      | Reached skill level 8 in Maces & Flails
  3251 | D:4      | Reached XP level 6. HP: 10/51 MP: 5/5
  3552 | D:4      | Found a white marble altar of Elyvilon.
  3723 | D:4      | Reached skill level 9 in Maces & Flails
  4063 | D:4      | Got a scorched chain mail
  4200 | D:4      | Reached XP level 7. HP: 47/57 MP: 6/6
  4444 | D:4      | Reached skill level 10 in Maces & Flails
  4628 | D:4      | Reached *** piety under Trog
  4852 | D:5      | Entered Level 5 of the Dungeon
  5063 | D:5      | Noticed kae's ghost (novice DsMo)
  5089 | D:5      | Killed kae's ghost
  5089 | D:5      | Reached skill level 5 in Fighting
  5215 | D:5      | Reached XP level 8. HP: 67/68 MP: 7/7
  5232 | D:5      | Reached skill level 5 in Dodging
  5290 | D:5      | Found a faded altar of an unknown god.
  5290 | D:5      | Found a faded altar of an unknown god.
  5295 | D:5      | Found a faded altar of an unknown god.
  5297 | D:5      | Found a faded altar of an unknown god.
  5299 | D:5      | Found a hazy altar of Hepliaklqana.
  5761 | D:5      | You fall through a shaft for 2 floors!
  6560 | D:6      | Found a shattered altar of Ashenzari.
  6728 | D:6      | Found Xozxuamp's Antique Armour Emporium.
  6763 | D:6      | Reached skill level 11 in Maces & Flails
  6763 | D:6      | Reached XP level 9. HP: 57/75 MP: 8/8
  6993 | D:6      | Reached **** piety under Trog
  7189 | D:6      | Found Tyidilan's Antique Weapon Shop.
  7242 | D:6      | Found Qaenoun's Assorted Antiques.
  7243 | D:6      | Found Izxir's Antique Weapon Boutique.
  7250 | D:6      | Bought a scroll of remove curse for 51 gold pieces
  7250 | D:6      | Bought a scroll labeled JOSHRO FYOME for 17 gold pieces
  7496 | D:6      | Found a staircase to the Ecumenical Temple.
  7595 | Temple   | Entered the Ecumenical Temple
  7771 | D:7      | Reached skill level 12 in Maces & Flails
  8516 | D:8      | Reached skill level 13 in Maces & Flails
  8859 | D:8      | Noticed Grum
  8876 | D:8      | Killed Grum
  8876 | D:8      | Reached skill level 14 in Maces & Flails
  9127 | D:8      | Reached XP level 10. HP: 81/83 MP: 9/9
  9635 | D:8      | Reached ***** piety under Trog
  9817 | D:9      | Found a shadowy altar of Dithmenos.
 10219 | D:9      | Noticed Pikel
 10267 | D:9      | Killed Pikel
 10584 | D:9      | Got a bronze plate armour
 10585 | D:9      | Identified the cursed +0 plate armour "Jimyph" {rCorr Str+4 Int+2} (You found it on level 9 of the Dungeon)
 10610 | D:9      | Noticed Gastronok
 10623 | D:9      | Killed Gastronok
 10623 | D:9      | Reached skill level 10 in Dodging
 10836 | D:9      | Reached XP level 11. HP: 98/99 MP: 10/10
 10909 | D:9      | Found a stormy altar of Qazlal.
 10910 | D:9      | Found a shattered altar of Ashenzari.
 10911 | D:9      | Found a sacrificial altar of Ru.
 10937 | D:9      | Found a shimmering altar of Xom.
 11011 | D:9      | Received a gift from Trog
 11085 | D:9      | Found a staircase to the Lair.
 11243 | Lair:1   | Entered Level 1 of the Lair of Beasts
 11382 | Lair:1   | Reached skill level 10 in Fighting
 11929 | Lair:1   | Noticed Mefis's ghost (journeyman DEWz)
 11953 | Lair:1   | Killed Mefis's ghost
 12252 | Lair:1   | Noticed a four-headed hydra
 12259 | Lair:1   | Killed a four-headed hydra
 12728 | Lair:2   | Found a hole to the Spider Nest.
 12728 | Lair:2   | Noticed an orb spider
 12766 | Lair:2   | Killed an orb spider
 12766 | Lair:2   | Received a gift from Trog
 13306 | Lair:2   | Reached skill level 15 in Maces & Flails
 13596 | Lair:2   | Found a staircase to the Swamp.
 13823 | Lair:2   | You fall through a shaft for 2 floors!
 13900 | Lair:4   | Reached XP level 12. HP: 64/111 MP: 3/11
 14291 | Lair:4   | Reached skill level 16 in Maces & Flails
 15204 | Lair:3   | Noticed a five-headed hydra
 15210 | Lair:3   | Killed a five-headed hydra
 15210 | Lair:3   | Reached skill level 17 in Maces & Flails
 16174 | Lair:5   | Reached skill level 18 in Maces & Flails
 16702 | Lair:5   | Noticed a death yak
 16746 | Lair:6   | Entered Level 6 of the Lair of Beasts
 16753 | Lair:6   | Killed a death yak
 17130 | Lair:5   | Noticed a catoblepas
 17136 | Lair:5   | Killed a catoblepas
 17315 | Lair:6   | Noticed Rupert
 17315 | Lair:6   | Paralysed by Rupert for 3 turns
 17320 | Lair:6   | Noticed a four-headed hydra
 17335 | Lair:5   | Killed Rupert
 17335 | Lair:5   | Reached skill level 19 in Maces & Flails
 17335 | Lair:5   | Reached XP level 13. HP: 117/117 MP: 4/12
 18238 | Lair:6   | Received a gift from Trog
 18253 | Lair:6   | Reached skill level 20 in Maces & Flails
 18345 | Lair:6   | Paralysed by a hornet for 1 turns
 18812 | Lair:6   | HP: 7/178 [death yak[a boggart] (9)]
 18814 | Lair:6   | HP: 1/178 [wolf (6)]
 18815 | Lair:6   | Slain by a wolf

Skill      XL: |  1  2  3  4  5  6  7  8  9 10 11 12 13 |
---------------+----------------------------------------+-----
Maces & Flails | 4 5 7 8 9 10 11 14 15 19 20 | 20.0
Fighting       | 5 6 9 11 12 | 12.3
Dodging        | 4 7 10 11 12 | 12.0
Armour         | |  2.4
Shields        | |  0.2

Action                   |  1- 3 |  4- 6 |  7- 9 | 10-12 | 13-15 || total
-------------------------+-------+-------+-------+-------+-------++-------
Melee: Mace              |    82 |   163 |   201 |       |       ||   446
       Headbutt          |    14 |    34 |   118 |   114 |    39 ||   319
       Flail             |       |       |   214 |   244 |       ||   458
       Great mace        |       |       |       |   222 |   174 ||   396
Throw: Javelin           |       |       |    12 |   178 |    27 ||   217
       Tomahawk          |       |       |       |    44 |     6 ||    50
Invok: Trog's Hand       |       |     2 |     2 |     1 |       ||     5
       Berserk           |       |       |     5 |     7 |     2 ||    14
       Burn Spellbooks   |       |       |       |     5 |       ||     5
       Brothers in Arms  |       |       |       |     3 |       ||     3
  Use: Potion            |       |     2 |     2 |     1 |       ||     5
       Scroll            |       |     1 |     5 |    10 |       ||    16
 Stab: Distracted        |       |       |       |     1 |       ||     1
  Eat: Chunk             |     2 |     9 |    20 |    15 |     7 ||    53
       Fruit             |       |       |     2 |     4 |       ||     6
       Bread ration      |       |       |       |     2 |       ||     2
       Meat ration       |       |       |       |     1 |       ||     1
Armor: Plate armour      |    45 |   101 |   138 |   162 |    81 ||   527
Dodge: Dodged            |    24 |    45 |   122 |   230 |   107 ||   528
Block: Buckler           |       |       |    28 |    28 |       ||    56
